 Dungeon Crawl Stone Soup version 0.27.1 (webtiles) character file.

Game seed: 16251917798543878141

2055 Atelerd the Digger (level 9, -5/81 HPs)
             Began as an Octopode Earth Elementalist on Sept 4, 2021.
             Slain by Harold (20 damage)
             ... on level 7 of the Dungeon.
             The game lasted 00:09:21 (9207 turns).

Atelerd the Digger (Octopode Earth Elementalist)    Turns: 9207, Time: 00:09:22

Health: -5/81      AC: 24    Str:  7    XL:     9   Next: 25%
Magic:  0/16       EV:  2    Int: 21    God:
Gold:   376        SH:  0    Dex: 12    Spells: 10/18 levels left

rFire    . . .     SeeInvis .   c - +0 dagger
rCold    . . .     Faith    .   (no shield)
rNeg     + + +     Spirit   .   (helmet currently unavailable)
rPois    +         Reflect  .   (no amulet)
rElec    .         Harm     .   (no ring)
rCorr    .         Rampage  .   (no ring)
Will     .....     NoTele   +   (no ring)
Stlth    +++.......             (no ring)
HPRegen  0.23/turn              (no ring)
MPRegen  0.15/turn              (no ring)
                                (no ring)
                                (no ring)

@: tree-form, marked
A: stationary, stasis, torment immunity, boosted hp, almost no armour,
(amphibious), 8 rings, (camouflage 1), (gelatinous body 1), (nimble swimmer 1),
(tentacles)
a: no special abilities


You were on level 7 of the Dungeon.
You were a tree.
You visited 1 branch of the dungeon, and saw 7 of its levels.

You collected 376 gold pieces.

Inventory:

Hand Weapons
 c - a +0 dagger (weapon)
Missiles
 b - 108 stones
Jewellery
 j - a ring of fire
Wands
 t - a wand of flame (34)
 v - a wand of polymorph (6)
Scrolls
 d - 3 scrolls of teleportation
 e - 3 scrolls of enchant armour {unknown}
 g - 8 scrolls of identify
 h - a scroll of torment {unknown}
 k - 2 scrolls of fear {unknown}
 l - 4 scrolls of noise {unknown}
 p - a scroll of amnesia {unknown}
 q - a scroll of vulnerability {unknown}
 x - a scroll of holy word {unknown}
 y - a scroll of brand weapon {unknown}
Potions
 a - a potion of lignification
 f - a potion of magic {unknown}
 i - a potion of heal wounds
 m - 2 potions of brilliance {unknown}
 n - a potion of invisibility {unknown}
 o - a potion of berserk rage {unknown}
 r - a potion of haste {unknown}
 s - 2 potions of curing {unknown}
 u - a potion of flight {unknown}
 w - a potion of ambrosia {unknown}


   Skills:
 - Level 2.0 Fighting
 + Level 1.3 Short Blades
 - Level 5.0 Dodging
 - Level 5.0 Stealth
 + Level 5.2 Spellcasting
 + Level 1.3 Conjurations
 + Level 5.2 Transmutations
 + Level 7.2 Earth Magic


You had 10 spell levels left.
You knew the following spells:

 Your Spells              Type           Power      Damage    Failure   Level
a - Sandblast             Erth           70%        2d15      1%          1
p - Petrify               Tmut/Erth      31%        N/A       9%          4
r - Stone Arrow           Conj/Erth      46%        3d9       5%          3

Your spell library contained the following spells:

 Spells                   Type           Power      Damage    Failure   Level
 Passwall                 Tmut/Erth      25%        N/A       1%          2
 Slow                     Hex            5%         N/A       16%         2
 Confusing Touch          Hex            5%         N/A       32%         3
 Inner Flame              Hex/Fire       5%         N/A       32%         3
 Yara's Violent Unravell  Hex/Tmut       8%         3d5       69%         5
 Cause Fear               Hex            2%         N/A       71%         4
 Discord                  Hex            2%         N/A       100%        8


Dungeon Overview and Level Annotations

Branches:
Dungeon (7/15)
 Temple: D:4-7

Altars:
Gozag
Makhleb
Nemelex Xobeh
Trog
Vehumet

Shops:
D:3 [

Annotations:
D:3 exclusion: downstairs
D:5 1 runed translucent door, Mizzrym's ghost, novice DsGl
D:7 Harold


Innate Abilities, Weirdness & Mutations

You are a tree.
Your roots penetrate the ground, keeping you stationary.
You cannot be teleported.
You are immune to unholy pain and torment.
Your maximum health is greatly increased.
You cannot wear most types of armour.
((You are amphibious.))
You can wear up to eight rings at the same time.
((Your skin changes colour to match your surroundings (Stealth+).))
((Your rubbery body absorbs attacks. (AC +1, EV +1)))
((You are camouflaged near water. (Stealth+)))
((You have tentacles for arms and can constrict up to eight enemies at once.))


Message History

Confirm with . or Enter, or press ? or * to list all spells.
Aiming: Petrify (dangerous; 9% risk of failure)
Press: ? - help, Shift-Dir - straight line, f/p - Harold
Aim: Harold, wielding a +1 battleaxe of electrocution, wearing a +0 chain mail and quivering 4 throwing nets (lightly wounded, constricted by you, chance to affect: 26%) Harold easily resists.
You constrict Harold.
A centaur comes into view.
Harold casts a spell at you. The mark upon you grows brighter.
Okay, then.
As you read the scroll labelled IGASAH PUZERCH, it crumbles to dust.
It is a scroll of identify.
d - 4 scrolls of teleportation You constrict Harold.
Harold completely misses you.
As you read the scroll of teleportation, it crumbles to dust.
You feel strangely unstable.
You constrict Harold, but do no damage. Harold gestures at you while chanting.
The mark upon you grows brighter.
Unknown command.
Casting: Petrify (dangerous; 9% risk of failure)
Confirm with . or Enter, or press ? or * to list all spells.
Aiming: Sandblast (safe; 1% risk of failure)
Press: ? - help, Shift-Dir - straight line, f/p - Harold
Aim: Harold, wielding a +1 battleaxe of electrocution, wearing a +0 chain mail and quivering 4 throwing nets (moderately wounded, constricted by you, 100% to hit)
The blast of sand hits Harold!
Harold is moderately wounded.
You constrict Harold, but do no damage.
Harold hits you with a +1 battleaxe of electrocution!!
* * * LOW HITPOINT WARNING * * *
Unknown command.
Unknown command.
It was a potion of lignification.
You turn into a tree.
Your roots penetrate the ground.
You feel strangely stable.
You lose your grip on Harold.
Harold hits you with a +1 battleaxe of electrocution!
* * * LOW HITPOINT WARNING * * *
It was a potion of heal wounds.
You feel much better.
Harold hits you with a +1 battleaxe of electrocution!
* * * LOW HITPOINT WARNING * * *
You are electrocuted!!
You die...

....).##....## #.#
.............# #.#
.....###.....# #.#
.....# #.....# ...
.....# #####.#
###..# #..# .....#
#..# ###
###..######..#.#####
#<#
....>........#c@♣..#
#.#
###.#######..#####.#
#.# .....# #..# #.#
#.########## .....#
#..# #.#
#..........# .....#
#..#####.#
##########.# .....#
#......#.# #.#
.....# ##.###.#.#
#.# .....# #.....#.#
#.# ###### #####.#.#
#.#


You could see Harold and a centaur.

Vanquished Creatures
  2 water moccasins (D:6)
  2 sky beasts
  A black bear (D:7)
  2 necrophages (D:5)
  2 ogres (D:6)
  A phantom (D:4)
  3 bullfrogs
  A wyvern zombie (D:7)
  A scorpion (D:6)
  A water moccasin zombie (D:3)
  A wyvern skeleton (D:7)
  A water moccasin skeleton (D:4)
  4 hounds
  2 centaur skeletons
  2 orc priests
  4 orc wizards
  Natasha (thrice) (D:3)
  3 gnolls (D:4)
  12 adders
  A shadow imp (D:7)
  4 white imps
  An ufetubus (D:4)
  2 worms (D:3)
  4 dart slugs
  17 orcs
  4 endoplasms
  4 giant cockroaches
  6 goblins
  5 hobgoblins
  6 jackals
  3 quokkas
  6 ball pythons
  3 bats
  4 frilled lizards
  A jackal skeleton (D:4)
  6 kobolds
  6 rats
  A spectral kobold (D:3)
132 creatures vanquished.

Notes
Turn   | Place    | Note
-------+----------+-------------------------------------------
     0 | D:1      | Atelerd the Octopode Earth Elementalist began the quest for
                  | the Orb.
     0 | D:1      | Reached XP level 1. HP: 11/11 MP: 3/3
   250 | D:1      | Reached XP level 2. HP: 17/17 MP: 3/5
   852 | D:1      | Reached XP level 3. HP: 17/21 MP: 6/6
  1958 | D:2      | Reached XP level 4. HP: 27/27 MP: 8/8
  2248 | D:2      | Learned a level 4 spell: Petrify
  2555 | D:3      | HP: 1/27 [water moccasin zombie (5)]
  2557 | D:3      | Reached skill level 4 in Earth Magic
  2557 | D:3      | Reached XP level 5. HP: 1/31 MP: 5/9
  2968 | D:3      | Noticed Natasha
  2976 | D:3      | Killed Natasha
  3228 | D:3      | Found an opulent altar of Gozag.
  3242 | D:3      | Noticed Natasha
  3284 | D:3      | Killed Natasha
  3513 | D:3      | Noticed Natasha
  3533 | D:3      | Killed Natasha
  3534 | D:3      | Reached XP level 6. HP: 30/36 MP: 5/11
  3598 | D:3      | Found a faded altar of an unknown god.
  4086 | D:3      | Found Jegahy's Antique Armour Shop.
  4560 | D:4      | Reached skill level 5 in Earth Magic
  4573 | D:3      | Learned a level 3 spell: Stone Arrow
  4898 | D:4      | Reached XP level 7. HP: 34/41 MP: 8/13
  5178 | D:4      | Reached skill level 6 in Earth Magic
  5834 | D:5      | Entered Level 5 of the Dungeon
  5888 | D:5      | Found a runed translucent door.
  5888 | D:5      | Noticed Mizzrym's ghost (novice DsGl)
  6075 | D:5      | Found a radiant altar of Vehumet.
  6084 | D:5      | Reached skill level 7 in Earth Magic
  6550 | D:5      | Reached skill level 1 in Fighting
  6550 | D:5      | Reached XP level 8. HP: 22/48 MP: 8/14
  6856 | D:5      | Found a sparkling altar of Nemelex Xobeh.
  7006 | D:6      | Found a bloodstained altar of Trog.
  8078 | D:6      | Reached skill level 5 in Transmutations
  8152 | D:6      | Reached skill level 5 in Stealth
  8152 | D:6      | Reached skill level 5 in Spellcasting
  8166 | D:6      | Reached XP level 9. HP: 43/54 MP: 8/16
  8283 | D:7      | Found a burning altar of Makhleb.
  8300 | D:7      | Reached skill level 5 in Dodging
  8776 | D:7      | Reached skill level 1 in Short Blades
  8776 | D:7      | Reached skill level 1 in Conjurations
  9195 | D:7      | Noticed Harold
  9206 | D:7      | HP: 3/81 [Harold (7)]
  9207 | D:7      | Slain by Harold

Illustrated notes

Levels and vault maps discovered:
D:1:      mainiacjoe_arrival_reflecting_pool, layout_basic
D:2:      layout_rooms
D:3:      layout_basic, mainiacjoe_overflow_concentric_impassable, serial_shops,
          nicolae_lakefront_shop, dreamdust_ecumenical_altar_drowned_temple,
          uniq_natasha
D:4:      layout_cave_pools, hex_tiny
D:5:      layout_basic, vehumet_altar_wand_db, lemuel_coloured_pillars_altar,
          hellmonk_ghost_happy_afterlife
D:6:      minmay_octagon_keep, layout_loops_ring, lemuel_crystal_altar,
          st_stairs_6
D:7:      layout_basic, kennysheep_mini, minmay_temple_entry_arrows,
          kennysheep_generic_room_9, uniq_harold

Skill      XL: |  1  2  3  4  5  6  7  8  9 |
---------------+----------------------------+-----
Transmutations | 2 3 4 5 |  5.2
Spellcasting   | 3 4 5 |  5.2
Earth Magic    | 4 5 7 |  7.2
Stealth        | 3 5 |  5.0
Fighting       | 1 2 |  2.0
Dodging        | 4 5 |  5.0
Short Blades   | 1 |  1.3
Conjurations   | 1 |  1.3

Action                   |  1- 3 |  4- 6 |  7- 9 || total
-------------------------+-------+-------+-------++-------
Melee: Unarmed           |    14 |       |       ||    14
       Tentacles         |    12 |    13 |    24 ||    49
       Constrict         |    11 |    22 |    21 ||    54
       Dagger            |    30 |    97 |   108 ||   235
 Cast: Sandblast         |    29 |    54 |    38 ||   121
       Stone Arrow       |       |       |     8 ||     8
       Petrify           |       |       |    19 ||    19
  Use: Scroll            |       |       |     2 ||     2
       Potion            |       |       |     2 ||     2
 Stab: Sleeping          |     2 |     5 |    10 ||    17
       Distracted        |       |     1 |       ||     1
       Petrified         |       |       |    31 ||    31
       Petrifying        |       |       |     3 ||     3
Armor: Skin              |     4 |    12 |     4 ||    20
Dodge: Dodged            |    31 |   116 |    62 ||   209
